 Dungeon Crawl Stone Soup version 0.27-a0-156-gbcd94eb011 (webtiles) character file.

Game seed: 6202792906744347337

273 gimp the Conjurer (level 5, -2/40 HPs)
             Began as a Demigod Wanderer on Jan 27, 2021.
             Slain by a worker ant (7 damage)
             ... on level 3 of the Dungeon.
             The game lasted 00:07:47 (4639 turns).

gimp the Conjurer (Demigod Wanderer)                Turns: 4639, Time: 00:07:48

Health: -2/40      AC:  4    Str: 14    XL:     5   Next: 71%
Magic:  1/13       EV: 11    Int: 20    God:
Gold:   218        SH:  0    Dex: 14    Spells: 2/11 levels left

rFire    . . .     SeeInvis .   j - +0 short sword (speed)
rCold    + . .     Faith    .   (no shield)
rNeg     . . .     Spirit   .   l - +2 robe {rC+}
rPois    .         Reflect  .   (no helmet)
rElec    .         Harm     .   (no cloak)
rCorr    .         Rampage  .   (no gloves)
Will     .....                  (no boots)
Stlth    +.........             (no amulet)
HPRegen  0.13/turn              (no ring)
MPRegen  0.13/turn              (no ring)

@: lethally poisoned (-2 -> -3), flying, hasted, very quick
A: high mp 1
a: no special abilities


You were on level 3 of the Dungeon.
You visited 1 branch of the dungeon, and saw 4 of its levels.

You collected 218 gold pieces.

Inventory:

Hand Weapons
 a - a +0 club
 f - a +0 dagger
 j - a +0 short sword of speed (weapon)
Armour
 l - a +2 robe of cold resistance (worn)
Wands
 o - a wand of enslavement (9)
 p - a wand of iceblast (13)
Scrolls
 c - 3 scrolls of teleportation
 e - a scroll of immolation {unknown}
 g - a scroll of fog {unknown}
 h - 5 scrolls of identify {unknown}
 i - 2 scrolls of fear {unknown}
Potions
 b - a potion of curing {unknown}
 d - a potion of degeneration {unknown}
 k - a potion of berserk rage


   Skills:
 - Level 1.0 Fighting
 - Level 1.0 Axes
 - Level 1.0 Throwing
 - Level 1.0 Armour
 + Level 3.7 Spellcasting
 * Level 3.8 Conjurations
 - Level 1.7 Ice Magic
 * Level 2.1 Earth Magic
 - Level 1.0 Evocations


You had 2 spell levels left.
You knew the following spells:

 Your Spells              Type           Power        Failure   Level
a - Magic Dart            Conj           76%          2%          1
b - Blink                 Tloc           N/A          21%         2
c - Stone Arrow           Conj/Erth      30%          12%         3
d - Mephitic Cloud        Conj/Pois/Air  8%           24%         3

Your spell library contained the following spells:

 Spells                   Type           Power        Failure   Level
 Sandblast                Erth           24%          5%          1
 Call Imp                 Summ           3%           21%         2
 Slow                     Hex            3%           21%         2
 Conjure Flame            Conj/Fire      11%          19%         3


Dungeon Overview and Level Annotations

Branches:
Dungeon (4/15)
 Temple: D:4-7


Innate Abilities, Weirdness & Mutations

You have an increased reservoir of magic. (+10% MP)


Message History

You take 1 damage, and have 13/40 hp.
You now have 0/13 mp.
You hit the worker ant but do no damage.
The worker ant is lightly wounded.
The worker ant misses you.
You hit the worker ant.
The worker ant is moderately wounded.
You hit the worker ant.
The worker ant is moderately wounded.
The worker ant bites you.
* * * LOW HITPOINT WARNING * * *
You take 2 damage, and have 12/40 hp.
It was a potion of flight.
You feel very buoyant.
You fly up into the air.
You feel sick. The worker ant bites you.
* * * LOW HITPOINT WARNING * * *
You take 4 damage, and have 8/40 hp.
It was a potion of haste.
You feel yourself speed up. The worker ant bites you.
* * * LOW HITPOINT WARNING * * *
The worker ant bites you!
You die...

........######.############ #.#
##..........(......#..#.# #..
########.........#.#..#.# ###
...................#..#.# #
#######..............[#.#########
# #.(........###.##........# #
#..........# #...........#
#######.################.......#
..............[B@......'.......#
#######.################.......#
......#.# #.......# #####.#.#
#.......# #.#.# #.......## #.#.#
##........ #####.#.# #........
#.......# #........ #.###.###
#........


You could see a worker ant.

Vanquished Creatures
  2 orc priests (D:3)
  Jessica (D:2)
  Ijyb (D:4)
  3 gnolls
  4 adders
  3 worms
  A dart slug (D:1)
  3 leopard geckos
  2 orcs (D:3)
  3 giant cockroaches
  16 goblins
  12 hobgoblins
  11 jackals
  7 kobolds
  A quokka (D:2)
  6 bats
  A frilled lizard (D:3)
  4 rats
81 creatures vanquished.

Notes
Turn   | Place    | Note
-------+----------+-------------------------------------------
     0 | D:1      | gimp the Demigod Wanderer began the quest for the Orb.
     0 | D:1      | gimp set off with the following items: a +0 club, a scroll
                  | of teleportation, a +0 robe; and the following spells
                  | available to memorise: Magic Dart, Sandblast, Blink, Call
                  | Imp, Slow, Conjure Flame, Mephitic Cloud, Stone Arrow
     0 | D:1      | Reached XP level 1. HP: 16/16 MP: 6/6
     2 | D:1      | Learned a level 1 spell: Magic Dart
   165 | D:1      | Reached skill level 1 in Conjurations
   249 | D:1      | Reached XP level 2. HP: 20/23 MP: 5/8
  1223 | D:2      | Reached XP level 3. HP: 28/28 MP: 7/10
  1649 | D:2      | Noticed Jessica
  1663 | D:2      | Killed Jessica
  1889 | D:2      | Reached XP level 4. HP: 35/35 MP: 8/11
  2103 | D:2      | Learned a level 2 spell: Blink
  2107 | D:2      | Learned a level 3 spell: Stone Arrow
  2111 | D:2      | Learned a level 3 spell: Mephitic Cloud
  3002 | D:3      | Reached skill level 1 in Earth Magic
  3269 | D:3      | Found a stormy altar of Qazlal.
  3314 | D:3      | Reached XP level 5. HP: 40/40 MP: 2/13
  4519 | D:3      | Found a shimmering blue altar of Sif Muna.
  4597 | D:4      | Noticed Ijyb
  4611 | D:4      | Killed Ijyb
  4639 | D:3      | Slain by a worker ant

Illustrated notes

Levels and vault maps discovered:
D:1:      roderic_crossed_star, layout_loops_ring
D:2:      layout_basic, uniq_jessica
D:3:      layout_basic, nicolae_qazlal_general_emergency, lemuel_blue_sif_altar
D:4:      layout_rooms, old_standard_altar, gup_sewer_entry_bowl, uniq_menkaure,
          uniq_ijyb

Skill      XL: |  1  2  3  4  5 |
---------------+----------------+-----
Conjurations   | 1 2 3 |  3.8
Spellcasting   | 3 |  3.7
Earth Magic    | 1 2 |  2.1
Fighting       | |  1.0
Axes           | |  1.0
Throwing       | |  1.0
Armour         | |  1.0
Ice Magic      | |  1.7
Evocations     | |  1.0

Action                   |  1- 3 |  4- 6 || total
-------------------------+-------+-------++-------
Melee: Dagger            |    15 |       ||    15
       Club              |     3 |       ||     3
       Short sword       |     1 |    22 ||    23
 Cast: Magic Dart        |   102 |   146 ||   248
       Stone Arrow       |       |     5 ||     5
  Use: Potion            |       |     4 ||     4
Armor: Robe              |     6 |    12 ||    18
Dodge: Dodged            |    18 |    34 ||    52

Table legend: (Time is in decaauts)
 A = Elapsed time spent in this place.
 B = Non-inter-level travel time spent in this place.
 C = Inter-level travel time spent in this place.
 D = Time resting spent in this place.
 E = Time spent auto-exploring this place.
 F = Levels seen in this place.
 G = Mean time per level.
                   A        B        C        D        E       F      G
               +--------+--------+--------+--------+--------+-----+--------+
         Total |   4648 |   4586 |     62 |    173 |   3787 |   4 | 1162.0 |
       Dungeon |   4648 |   4586 |     62 |    173 |   3787 |   4 | 1162.0 |
               +--------+--------+--------+--------+--------+-----+--------+

Top non-repeatable levels by time:
     D:2: 1773 daAuts
     D:3: 1404 daAuts
     D:1: 1389 daAuts
     D:4: 80 daAuts
